 Dungeon Crawl Stone Soup version 0.26-a0-651-gb41185065b (webtiles) character file.

Game seed: 17392047124882523875

215429 Mesmaeker13 the Convoker (level 17, -2/95 HPs)
             Began as a Deep Elf Summoner on Oct 5, 2020.
             Was a High Priest of Sif Muna.
             Slain by an ettin
             ... wielding a +0 dire flail
              (5 damage)
             ... on level 15 of the Dungeon.
             The game lasted 03:03:12 (77537 turns).

Mesmaeker13 the Convoker (Deep Elf Summoner)       Turns: 77537, Time: 03:03:12

Health: -2/95      AC: 17    Str:  7    XL:     17   Next: 88%
Magic:  44/44      EV: 21    Int: 38    God:    Sif Muna [*****.]
Gold:   1862       SH: 12    Dex: 15    Spells: 13/41 levels left

rFire    + + .     SeeInvis +   s - +7 falchion "Vefra" {flame, +Blink rN+ MP+9 Stlth+}
rCold    . . .     Faith    .   O - +2 buckler {rF+}
rNeg     + . .     Spirit   .   W - +5 robe of Night {Dark MR+ SInv}
rPois    .         Reflect  +   J - +2 hat {Int+3}
rElec    .         Harm     .   g - scarf {rC+ rF+}
rCorr    +         Rampage  .   F - +0 pair of gloves {Str+3}
MR       ++...                  R - +2 pair of boots
Stlth    +++.......             f - amulet of reflection
HPRegen  0.25/turn              K - +4 ring of protection
MPRegen  0.29/turn              w - ring of Hard Scrabble {rC- rCorr Str-2 Int+8 SInv}

@: studying Conjurations
A: no striking features
}: 2/15 runes: barnacled, gossamer
a: Channel Magic, Forget Spell, Divine Exegesis, Renounce Religion, Evoke Blink


You were on level 15 of the Dungeon.
You worshipped Sif Muna.
Sif Muna was extremely pleased with you.
You visited 8 branches of the dungeon, and saw 36 of its levels.
You also visited: Ossuary.

You collected 4535 gold pieces.
You spent 2673 gold pieces at shops.

Inventory:

Hand Weapons
 q - a +8 demon trident of electrocution
 s - the +7 falchion "Vefra" (weapon) {flame, +Blink rN+ MP+9 Stlth+}
   (You found it on level 2 of the Spider Nest)

   It has been specially enchanted to burn those struck by it, causing extra
   injury to most foes and up to half again as much damage against particularly
   susceptible opponents.
   Big, fiery blades are also staple armaments of hydra-hunters.
   It protects you from negative energy.
   It affects your magic capacity (+9).
   It lets you blink.
   It makes you more stealthy.
Missiles
 N - 11 throwing nets (quivered)
Armour
 g - a scarf of resistance (worn)
 i - a +1 cloak of preservation
 r - a +1 leather armour of poison resistance
 F - a +0 pair of gloves of strength (worn)
 J - a +2 hat of intelligence (worn)
 O - a +2 buckler of fire resistance (worn)
 R - a +2 pair of boots (worn)
 W - the +5 robe of Night (worn) {Dark MR+ SInv}
   (You bought it in a shop on level 9 of the Dungeon)

   It affects your resistance to hostile enchantments.
   It lets you see invisible.
Jewellery
 f - an amulet of reflection (around neck)
 w - the ring of Hard Scrabble (right hand) {rC- rCorr Str-2 Int+8 SInv}
   (You found it on level 4 of the Shoals)

   [ring of resist corrosion]

   It affects your strength (-2).
   It affects your intelligence (+8).
   It makes you vulnerable to cold.
   It lets you see invisible.
   It provides partial protection from all sources of acid and corrosion.
 y - an uncursed amulet of guardian spirit
 B - an uncursed amulet of the acrobat
 H - an uncursed ring of protection from magic
 K - a +4 ring of protection (left hand)
Wands
 u - a wand of digging (10)
 I - a wand of acid (10)
Scrolls
 h - 14 scrolls of remove curse
 j - 5 scrolls of teleportation
 o - 3 scrolls of magic mapping
 t - a scroll of holy word
 v - 5 scrolls of fear
 x - 3 scrolls of identify
 z - a scroll of enchant armour
 L - 4 scrolls of amnesia
 S - 3 scrolls of silence
 U - 5 scrolls of fog
Potions
 a - 6 potions of brilliance
 b - a potion of curing
 c - 15 potions of flight
 d - 3 potions of magic
 e - 13 potions of ambrosia
 m - 2 potions of haste
 A - 3 potions of lignification
 D - 2 potions of mutation
 E - 5 potions of cancellation
 G - 4 potions of might
 P - 4 potions of resistance
Books
 T - a manual of Conjurations
Miscellaneous
 l - a phial of floods
 p - a phantom mirror


   Skills:
 - Level 6.7 Fighting
 - Level 4.0 Polearms
 + Level 13.3 Dodging
 - Level 2.4 Stealth
 - Level 4.0 Shields
 + Level 12.8 Spellcasting
 + Level 19.8 Summonings
 - Level 14.0 Translocations
   Level 9.0 Ice Magic
 - Level 10.1 Air Magic
 + Level 9.8 Invocations


You had 13 spell levels left.
You knew the following spells:

 Your Spells              Type           Power        Failure   Level
a - Summon Lightning Spi  Summ/Air       #######.     1%          4
b - Monstrous Menagerie   Summ           ########..   1%          7
c - Summon Forest         Summ/Tloc      ########..   1%          5
d - Summon Demon          Summ           ########..   0%          5
e - Malign Gateway        Summ/Tloc      ########..   1%          7

Your spell library contained the following spells:

 Spells                   Type           Power        Failure   Level
 Apportation              Tloc           ######       0%          1
 Summon Small Mammal      Summ           ####         0%          1
 Blink                    Tloc           N/A          0%          2
 Call Imp                 Summ           ########     0%          2
 Call Canine Familiar     Summ           ########     0%          3
 Gell's Gravitas          Tloc           #######...   0%          3
 Lesser Beckoning         Tloc           #######...   0%          3
 Teleport Other           Tloc           #######.     0%          3
 Animate Skeleton         Necr           ###...       1%          1
 Beastly Appendage        Tmut           ###...       1%          1
 Corona                   Hex            ###....      1%          1
 Foxfire                  Conj/Fire      ###.         1%          1
 Freeze                   Ice            ####         1%          1
 Pain                     Necr           ###.         1%          1
 Sandblast                Erth           ###...       1%          1
 Shock                    Conj/Air       ####         1%          1
 Corpse Rot               Necr/Air       N/A          1%          2
 Ensorcelled Hibernation  Hex/Ice        ######       1%          2
 Poisonous Vapours        Pois/Air       ######       1%          2
 Swiftness                Air            #######.     1%          2
 Frozen Ramparts          Ice            ######       1%          3
 Mephitic Cloud           Conj/Pois/Air  ######..     1%          3
 Ozocubu's Armour         Ice            #######.     1%          3
 Portal Projectile        Hex/Tloc       ######       1%          3
 Static Discharge         Conj/Air       ######..     1%          3
 Summon Guardian Golem    Hex/Summ       #######.     1%          3
 Airstrike                Air            #######...   1%          4
 Passage of Golubria      Tloc           N/A          1%          4
 Summon Ice Beast         Ice/Summ       #######.     1%          4
 Summon Mana Viper        Hex/Summ       #######.     1%          5
 Dispersal                Tloc           #######...   1%          6
 Shadow Creatures         Summ           N/A          1%          6
 Summon Greater Demon     Summ           ########..   1%          7
 Summon Hydra             Summ           ########..   1%          7
 Passwall                 Tmut/Erth      ###.....     2%          2
 Searing Ray              Conj           ###...       2%          2
 Slow                     Hex            ###.....     2%          2
 Wereblood                Tmut           ###.....     2%          2
 Hailstorm                Conj/Ice       ######..     2%          4
 Ice Form                 Ice/Tmut       ######..     2%          4
 Summon Horrible Things   Summ           ########..   3%          8
 Confusing Touch          Hex            ###.....     4%          3
 Conjure Flame            Conj/Fire      ###.....     4%          3
 Dazzling Flash           Conj/Hex       ###...       4%          3
 Inner Flame              Hex/Fire       ###.....     4%          3
 Spider Form              Tmut/Pois      ###.......   4%          3
 Stone Arrow              Conj/Erth      ###...       4%          3
 Tukima's Dance           Hex            ###.....     4%          3
 Vampiric Draining        Necr           ###.......   4%          3
 Lightning Bolt           Conj/Air       ######....   5%          5
 Silence                  Hex/Air        ######....   5%          5
 Ozocubu's Refrigeration  Ice            #######...   6%          6
 Metabolic Englaciation   Hex/Ice        ######....   7%          5
 Animate Dead             Necr           ###.......   16%         4
 Cause Fear               Hex            ###.......   16%         4
 Dispel Undead            Necr           ###.....     16%         4
 Fulminant Prism          Conj/Hex       ###.......   16%         4
 Leda's Liquefaction      Hex/Erth       ###.......   16%         4
 Petrify                  Tmut/Erth      ###.....     16%         4
 Freezing Cloud           Conj/Ice/Air   ######....   17%         6
 Haunt                    Necr/Summ      #######...   22%         7
 Spellforged Servitor     Conj/Summ      #######...   22%         7
 Conjure Ball Lightning   Conj/Air       ######....   28%         6
 Simulacrum               Ice/Necr       ######....   36%         6
 Agony                    Necr           ###.....     38%         5
 Alistair's Intoxication  Tmut/Pois      ###......    38%         5
 Blade Hands              Tmut           ###.......   38%         5
 Bolt of Magma            Conj/Fire/Erth ###.......   38%         5
 Borgnjor's Vile Clutch   Necr/Erth      ###.......   38%         5
 Fireball                 Conj/Fire      ###.......   38%         5
 Irradiate                Conj/Tmut      ###.......   38%         5
 Yara's Violent Unravell  Hex/Tmut       ###.......   38%         5
 Dragon's Call            Summ           ########..   41%         9
 Invisibility             Hex            ###.....     93%         6
 Iron Shot                Conj/Erth      ###.......   93%         6
 Statue Form              Tmut/Erth      ###......    93%         6
 Dragon Form              Tmut           ###.......   100%        7
 Orb of Destruction       Conj           ###.......   100%        7
 Ignition                 Fire           ###.......   100%        8
 Fire Storm               Conj/Fire      ###.......   100%        9
 Shatter                  Erth           ###.......   100%        9
 Tornado                  Air            #######...   100%        9


Dungeon Overview and Level Annotations

Branches:
Dungeon (15/15)            Temple (1/1) D:4            Lair (6/6) D:11
 Shoals (4/4) Lair:4       Spider (4/4) Lair:4        Slime (0/5) Lair:5
    Orc (2/2) D:9             Elf (3/3) Orc:2        Vaults (0/5) D:13
 Depths (1/5) D:15        Ossuary (visited)

Altars:
Ashenzari
Fedhas
Gozag
Hepliaklqana
Kikubaaqudgha
Makhleb
Nemelex Xobeh
Okawaru
Qazlal
Ru
Sif Muna
Trog
Vehumet
Xom
Yredelemnul
Beogh
Jiyva

Shops:
D:9 *   Orc:2 =(*[?   Elf:2 [[[}*   Shoals:2 }

Annotations:
D:14 3 runed translucent doors, Omuih's ghost, journeyman DDFi; Roxanne
Spider:1 2 transporters, PanSaczeczos's ghost, journeyman TrMo


Message History

The ettin completely misses you.
You riposte.
You hit the ettin but do no damage. The ettin barely misses you.
You block the deep troll shaman's attack.
The deep troll shaman claws you.
You block the deep troll shaman's attack.
You block the ettin's attack.
The ettin hits you with a +0 dire flail.
There is a staircase back to the Dungeon, spattered with blood here.
The deep troll shaman barely misses you.
You riposte.
You hit the deep troll shaman. You burn the deep troll shaman.
The deep troll shaman is lightly wounded.
You block the deep troll shaman's attack.
The deep troll shaman misses you.
The ettin hits you with a +0 dire flail!! x2
You climb upwards.
Welcome back to the Dungeon!
There is a staircase to the Depths, spattered with blood here.
The ettin hits you with a +0 dire flail!!
* * * LOW HITPOINT WARNING * * *
The ettin hits you with a +0 dire flail.
You die...

.................................
.....................###########.
#######..###########.# #. #..# #.#
#. #..# #######.# #.
#..#####.....### #.
#######....##.รท..[[.############.
...........#..##'##..#...........
...........#).#.@.#..#.######....
.###########.H#CT.#..#.# #.###
.###########.[#.[.#..#.######.#
...........#..#####[.#........###
...........##.......##...........
............##.....##......######
..##############[#######...######
.................................
....[............................


You could see an ettin and a deep troll shaman.

Vanquished Creatures
  A deep elf sorcerer (Elf:3)
  A deep elf death mage (Elf:3)
  Urug (D:9)
  2 unseen horrors
  A sea snake (Shoals:3)
  2 orb spiders
  3 wolf spiders
  A faun (Shoals:1)
  6 deep elf magi
  A moth of wrath (Spider:2)
  A merfolk siren (Shoals:4)
  2 elephants (Lair:4)
  A centaur skeleton (D:13)
  2 cane toads
  A freezing wraith (D:12)
  2 demonic crawlers
  2 merfolk
  A meliai (D:13)
  A polar bear (Lair:6)
  A slime creature (D:14)
  4 jumping spiders
  A hippogriff (Lair:6)
  2 dream sheep (Shoals:1)
  2 blink frogs (Lair:4)
  Sigmund (D:3)
  6 redbacks
  A nameless horror (Lair:6)
  A shadow (D:14)
  2 water elementals
  2 tarantellas (Spider:4)
  13 yaks
  A basilisk (D:15)
  A hog (D:13)
  An acid dragon (D:12)
  3 wargs
  A hell hound (Lair:6)
  A porcupine (Lair:2)
  A soldier ant (Spider:4)
  2 orc warriors
  An eye of draining (D:15)
  4 wolves
  4 ogres
  4 crocodiles
  4 bullfrogs
  5 killer bees
  An electric eel (Lair:1)
  A jelly (D:14)
  4 orc priests
  An iguana (D:8)
  5 worker ants
  4 big kobold zombies (Ossuary)
  A hound skeleton (D:9)
  A howler monkey zombie (D:7)
  A howler monkey skeleton (D:6)
  An adder (D:7)
  A shadow imp (D:8)
  A white imp (D:5)
  3 ufetubi
  An ooze (D:3)
  2 leopard geckos
  14 orcs
  3 giant cockroaches
  5 gnoll zombies (Ossuary)
  6 goblins
  3 hobgoblins
  4 jackals
  A quokka (D:6)
  2 ball pythons
  5 bats
  2 bat simulacra (Ossuary)
  4 frilled lizards
  5 goblin zombies (Ossuary)
  2 hobgoblin zombies (Ossuary)
  4 kobolds
  A kobold simulacrum (Ossuary)
  A kobold zombie (Ossuary)
  4 orc zombies (Ossuary)
  6 rats
  A spectral goblin (Ossuary)
  A spectral kobold (Ossuary)
  A spectral rat (Ossuary)
204 creatures vanquished.

Vanquished Creatures (collateral kills)
  Saint Roka (Elf:2)
  Nikola (Elf:3)
  A deep elf blademaster (Elf:3)
  Jorgrun (D:13)
  A deep elf master archer (Elf:3)
  A kraken (Shoals:2)
  Gastronok (D:9)
  Agnes (D:15)
  Kirke (D:13)
  An orc warlord (Orc:1)
  10 deep elf sorcerers
  Aizul (Elf:1)
  5 ghost moths
  7 emperor scorpions
  Louise (Elf:2)
  3 deep elf elementalists (Elf:3)
  2 stone giants (Orc:2)
  5 entropy weavers
  A vampire knight (D:15)
  4 deep elf demonologists
  8 deep elf annihilators
  4 ettins (Orc:2)
  8 deep elf death magi
  Snorg (Orc:1)
  2 merfolk javelineers (Shoals:4)
  8 merfolk impalers
  A rakshasa (D:15)
  7 deep elf high priests
  Josephine (Lair:5)
  2 ogre magi
  An ice dragon (Lair:6)
  5 centaur warriors
  8 hydras
  3 merfolk avatars
  An alligator snapping turtle (Shoals:2)
  Harold (D:11)
  7 merfolk aquamancers
  A catoblepas (D:15)
  A death knight (D:12)
  29 dancing weapons
  A deep troll shaman (D:15)
  A queen ant (Spider:4)
  10 two-headed ogres
  A satyr (Shoals:2)
  A hell hog (Elf:2)
  7 tengu warriors
  2 deep troll earth magi (D:14)
  17 deep elf knights
  3 iron trolls (D:15)
  A skeletal warrior (D:12)
  A flayed ghost (Depths:1)
  An unseen horror (D:14)
  A deep troll (D:15)
  A kraken simulacrum (Shoals:4)
  8 sea snakes
  2 wizards (D:15)
  2 lindwurms
  20 deep elf archers
  10 harpies
  A phantasmal warrior (D:12)
  A necromancer (D:15)
  3 wolf spider zombies (D:15)
  19 orb spiders
  18 fauns
  29 wolf spiders
  8 ugly things
  An orc sorcerer (Orc:2)
  10 manticores
  4 oklob plants
  4 moths of wrath
  56 deep elf magi
  18 cyclopes
  A naga mage (D:15)
  Maurice (D:8)
  7 merfolk sirens
  11 water nymphs
  5 nameless horrors
  Joseph (D:9)
  15 elephants
  6 torpor snails
  2 black mambas
  7 cane toads
  3 gargoyles
  2 freezing wraiths (D:14)
  A yaktaur (Depths:1)
  14 demonic crawlers
  3 komodo dragons
  2 rime drakes
  4 red devils (D:12)
  A komodo dragon (shapeshifter) (Elf:1)
  3 wind drakes
  A polar bear (shapeshifter) (D:13)
  5 meliai
  36 jumping spiders
  9 trolls
  8 polar bears (Lair:6)
  29 merfolk
  7 hornets
  A queen bee (D:13)
  4 tyrant leeches (Lair:6)
  2 raiju (Lair:6)
  10 dream sheep
  5 slime creatures
  6 snapping turtles
  5 hippogriffs
  7 blink frogs
  A shadow (D:13)
  A centaur simulacrum (D:14)
  26 yaks
  59 redbacks
  5 fire elementals (Elf:2)
  22 tarantellas
  2 vampires
  2 basilisks (Lair:2)
  12 water elementals
  4 wraiths
  2 wyverns
  5 hogs (D:13)
  A steam dragon (Lair:3)
  4 vampire mosquitoes
  Grum (D:11)
  10 wargs
  A soldier ant (shapeshifter) (D:15)
  21 soldier ants (Spider:4)
  17 hell hounds
  13 water moccasins
  9 porcupines
  20 orc warriors
  4 sky beasts
  12 black bears
  3 ice beasts
  2 eyes of draining (D:14)
  14 ogres
  23 wolves
  13 centaurs
  15 crocodiles
  A big kobold (D:7)
  11 bullfrogs
  A wyvern zombie (D:7)
  3 earth elementals
  A wyvern skeleton (D:9)
  6 scorpions
  31 killer bees
  2 electric eels
  3 wights (D:9)
  3 howler monkeys (D:12)
  2 centaur zombies
  3 jellies
  2 bullfrog zombies
  A lava snake (Lair:4)
  A quasit (D:11)
  7 hounds
  26 orc priests
  32 orc wizards
  A bullfrog skeleton (D:8)
  4 centaur skeletons
  An iguana (D:7)
  23 worker ants
  6 hell rats (Lair:3)
  A big kobold zombie (Ossuary)
  A hound skeleton (D:5)
  A mummy (Ossuary)
  9 adders
  A shadow imp (D:9)
  2 white imps
  2 oozes
  An adder zombie (D:6)
  3 worms
  A dart slug (D:3)
  6 leopard geckos
  61 orcs
  A spectral bat (Ossuary)
  6 bats
  5 giant cockroaches
  2 gnoll zombies (Ossuary)
  5 goblins
  6 hobgoblins
  12 jackals
  10 kobolds
  4 quokkas
  5 bat simulacra (Ossuary)
  A goblin simulacrum (Ossuary)
  A goblin zombie (Ossuary)
  2 hobgoblin zombies (Ossuary)
  3 kobold simulacra (Ossuary)
  2 kobold zombies (Ossuary)
  An orc zombie (Ossuary)
  2 quokka skeletons
  6 rats
  2 spectral goblins (Ossuary)
  2 spectral kobolds (Ossuary)
  2 spectral rats (Ossuary)
  5 tentacles (Shoals:2)
1303 creatures vanquished.

Vanquished Creatures (others)
  20 eldritch tentacles
  A dancing weapon (Elf:2)
  3 deep elf magi
  A human (D:13)
  A soldier ant (D:13)
  A porcupine (Lair:4)
  An orc (Elf:2)
  44 fungi
  168 plants
  4 snaplasher vines
  28 tentacles
272 creatures vanquished.

Grand Total: 1779 creatures vanquished

Notes
Turn   | Place    | Note
-------+----------+-------------------------------------------
     0 | D:1      | Mesmaeker13 the Deep Elf Summoner began the quest for the
                  | Orb.
     0 | D:1      | Reached XP level 1. HP: 10/10 MP: 6/6
   244 | D:1      | Reached XP level 2. HP: 10/15 MP: 6/8
  1053 | D:1      | Reached XP level 3. HP: 19/19 MP: 10/10
  1822 | D:2      | Learned a level 2 spell: Call Imp
  2335 | D:2      | Reached skill level 5 in Summonings
  2938 | D:3      | Reached XP level 4. HP: 18/24 MP: 7/12
  2943 | D:3      | Learned a level 3 spell: Call Canine Familiar
  3996 | D:3      | Reached XP level 5. HP: 28/28 MP: 7/14
  4065 | D:3      | Found a shimmering altar of Xom.
  4132 | D:3      | Noticed Sigmund
  4150 | D:3      | Killed Sigmund
  4150 | D:3      | Reached skill level 5 in Spellcasting
  4529 | D:4      | Noticed an ogre
  4555 | D:4      | Killed an ogre
  4555 | D:4      | Reached XP level 6. HP: 32/32 MP: 5/16
  4562 | D:4      | Reached skill level 6 in Summonings
  4643 | D:4      | Reached skill level 5 in Dodging
  4884 | D:4      | Found a hazy altar of Hepliaklqana.
  5077 | D:4      | Found a staircase to the Ecumenical Temple.
  5092 | Temple   | Entered the Ecumenical Temple
  5096 | Temple   | Became a worshipper of Sif Muna the Loreminder
  5799 | D:5      | Entered Level 5 of the Dungeon
  5811 | D:5      | Learned a level 4 spell: Summon Ice Beast
  6015 | D:5      | Found an iron altar of Okawaru.
  6178 | D:5      | Noticed an ice beast
  6188 | D:5      | Killed an ice beast
  6188 | D:5      | Reached skill level 1 in Ice Magic
  6188 | D:5      | Reached XP level 7. HP: 36/36 MP: 9/18
  7256 | D:5      | Reached * piety under Sif Muna
  7738 | D:6      | Found a radiant altar of Vehumet.
  7739 | D:6      | Found a burning altar of Makhleb.
  7740 | D:6      | Found an iron altar of Okawaru.
  7742 | D:6      | Found a bloodstained altar of Trog.
  7793 | D:6      | Noticed a yak
  7794 | D:6      | Noticed a yak
  7805 | D:6      | Noticed a yak
  7823 | D:6      | Killed a yak
  7825 | D:6      | Killed a yak
  7825 | D:6      | Reached skill level 7 in Summonings
  7829 | D:6      | Killed a yak
  7829 | D:6      | Reached XP level 8. HP: 32/41 MP: 2/20
  8012 | D:6      | Found a blossoming altar of Fedhas.
  9151 | D:7      | Found a stormy altar of Qazlal.
  9153 | D:7      | Noticed a deep elf mage
  9163 | D:7      | Killed a deep elf mage
  9292 | D:7      | Reached skill level 8 in Summonings
 10013 | D:7      | Reached XP level 9. HP: 45/45 MP: 15/23
 10375 | D:7      | Reached skill level 5 in Ice Magic
 10497 | D:7      | Reached ** piety under Sif Muna
 10904 | D:8      | Noticed Maurice
 10939 | D:8      | Killed Maurice
 11079 | D:8      | Got a dazzling dagger
 11080 | D:8      | Identified the +8 dagger of Tender Mercy {speed, Int+5
                  | Dex+2 Stlth+} (You found it on level 8 of the Dungeon)
 11228 | D:8      | Found a sand-covered staircase.
 11232 | Ossuary  | Entered an ossuary
 11448 | Ossuary  | Reached *** piety under Sif Muna
 12805 | D:9      | Found Texkaneu's General Store.
 12810 | D:9      | Noticed a troll
 12816 | D:9      | Killed a troll
 12836 | D:9      | Reached **** piety under Sif Muna
 12842 | D:9      | Bought a +2 buckler of fire resistance for 301 gold pieces
 12948 | D:9      | Reached skill level 9 in Summonings
 13016 | D:9      | Noticed a two-headed ogre
 13027 | D:9      | Killed a two-headed ogre
 13027 | D:9      | Reached skill level 1 in Shields
 13038 | D:9      | Noticed Joseph
 13106 | D:9      | Reached skill level 10 in Spellcasting
 13109 | D:9      | Noticed Gastronok
 13408 | D:9      | Identified the +2 robe "Sexzi" {rF+ rN+}
 13773 | D:9      | Killed Gastronok
 13773 | D:9      | Reached XP level 10. HP: 50/50 MP: 9/26
 13963 | D:9      | Found a staircase to the Orcish Mines.
 14233 | D:9      | Killed Joseph
 14389 | D:9      | Reached skill level 10 in Summonings
 14658 | D:9      | Found an ancient bone altar of Kikubaaqudgha.
 14658 | D:9      | Found a sparkling altar of Nemelex Xobeh.
 14727 | D:10     | Entered Level 10 of the Dungeon
 14805 | D:10     | Learned a level 4 spell: Summon Lightning Spire
 15136 | D:10     | Found a sacrificial altar of Ru.
 15163 | D:10     | Noticed a gargoyle
 15172 | D:10     | Killed a gargoyle
 15172 | D:10     | Reached skill level 1 in Air Magic
 15237 | D:10     | Reached ***** piety under Sif Muna
 15237 | D:10     | Received a gift from Sif Muna
 16099 | D:11     | Found a staircase to the Lair.
 16236 | D:11     | Noticed a white ugly thing
 16238 | D:11     | Noticed Harold
 16332 | D:11     | Noticed a two-headed ogre
 16351 | D:11     | Killed a two-headed ogre
 16451 | D:11     | Noticed a cyclops
 16451 | D:11     | Killed Harold
 16465 | D:11     | Killed a cyclops
 16677 | D:11     | Killed a white ugly thing
 16677 | D:11     | Reached XP level 11. HP: 54/54 MP: 21/27
 16764 | D:11     | Noticed Grum
 16773 | D:11     | Killed Grum
 17185 | Lair:1   | Entered Level 1 of the Lair of Beasts
 17203 | Lair:1   | Reached skill level 11 in Summonings
 17339 | Lair:1   | Noticed a seven-headed hydra
 17348 | Lair:1   | Killed a seven-headed hydra
 17709 | Lair:1   | Noticed a six-headed hydra
 17983 | Lair:1   | Killed a six-headed hydra
 18167 | Lair:1   | Reached skill level 5 in Air Magic
 18685 | Lair:1   | Noticed an oklob plant
 18964 | Lair:1   | Noticed an oklob plant
 19755 | Lair:2   | Reached skill level 12 in Summonings
 20317 | Lair:3   | Noticed a five-headed hydra
 20338 | Lair:3   | Noticed a five-headed hydra
 20344 | Lair:3   | Killed a five-headed hydra
 20347 | Lair:3   | Killed a five-headed hydra
 20562 | Lair:3   | Identified Sif Muna's Volume of Ice and Calling (Sif Muna
                  | gifted it to you on level 3 of the Lair of Beasts)
 20562 | Lair:3   | Received a gift from Sif Muna
 20922 | Lair:3   | Noticed a six-headed hydra
 20929 | Lair:3   | Killed a six-headed hydra
 21918 | Lair:4   | Found a hole to the Spider Nest.
 22106 | Lair:4   | Reached XP level 12. HP: 45/59 MP: 13/28
 22128 | Lair:4   | Reached skill level 13 in Summonings
 22131 | Lair:4   | Noticed a six-headed hydra
 22143 | Lair:4   | Killed a six-headed hydra
 22699 | Lair:4   | Found a staircase to the Shoals.
 23385 | Lair:5   | Noticed Josephine
 23398 | Lair:5   | Killed Josephine
 23427 | Lair:6   | Entered Level 6 of the Lair of Beasts
 24209 | Lair:5   | Found a staircase to the Slime Pits.
 24210 | Lair:5   | Found a viscous altar of Jiyva.
 24288 | Lair:5   | Reached skill level 14 in Summonings
 24397 | Lair:5   | Identified Sif Muna's Guide on the Supportive Snowflakes
                  | (Sif Muna gifted it to you on level 5 of the Lair of
                  | Beasts)
 24397 | Lair:5   | Received a gift from Sif Muna
 24479 | Lair:5   | Learned a level 7 spell: Monstrous Menagerie
 25128 | Lair:6   | Noticed a six-headed hydra
 25133 | Lair:6   | Reached skill level 10 in Air Magic
 25142 | Lair:6   | Killed a six-headed hydra
 25152 | Lair:6   | Learned a level 7 spell: Malign Gateway
 25387 | Lair:6   | Noticed an eight-headed hydra
 25393 | Lair:6   | Killed an eight-headed hydra
 25393 | Lair:6   | Reached skill level 1 in Translocations
 25579 | Lair:6   | Found a runed translucent door.
 25580 | Lair:6   | Noticed an ice dragon
 26928 | Lair:6   | Reached XP level 13. HP: 63/63 MP: 17/29
 27223 | Lair:6   | Received a gift from Sif Muna
 27409 | Lair:6   | Reached skill level 5 in Translocations
 27415 | Lair:6   | Reached skill level 15 in Summonings
 28689 | Orc:1    | Entered Level 1 of the Orcish Mines
 28689 | Orc:1    | Noticed Urug
 29076 | D:9      | Killed Urug
 29394 | Orc:2    | Entered Level 2 of the Orcish Mines
 29394 | Orc:2    | Found a roughly hewn altar of Beogh.
 29571 | Orc:2    | Noticed an ettin
 29722 | Orc:1    | Noticed Snorg
 29745 | Orc:1    | Noticed an orc warlord
 30419 | Orc:1    | Killed an orc warlord
 30506 | Orc:2    | Noticed an ettin
 30514 | Orc:2    | Killed an ettin
 30542 | Orc:2    | Killed an ettin
 30652 | Orc:2    | Found Torenam's Antique Weapon Emporium.
 30742 | Orc:2    | Found Joesibe's Jewellery Boutique.
 30776 | Orc:2    | Noticed a stone giant
 30785 | Orc:2    | Killed a stone giant
 30927 | Orc:2    | Noticed an ettin
 30937 | Orc:2    | Killed an ettin
 31143 | Orc:2    | Found Acaicvug's General Store.
 31149 | Orc:2    | Found a staircase to the Elven Halls.
 31166 | Orc:2    | Found Hacyr's Antique Armour Boutique.
 31172 | Orc:2    | Noticed a stone giant
 31179 | Orc:2    | Killed a stone giant
 31179 | Orc:2    | Identified Zuty's Disquisition on Transmutation and
                  | Summoning (Sif Muna gifted it to you on level 2 of the
                  | Orcish Mines)
 31179 | Orc:2    | Received a gift from Sif Muna
 31180 | Orc:2    | Noticed an ettin
 31192 | Orc:2    | Killed an ettin
 31674 | Orc:2    | Found Toere's Magic Scroll Shop.
 32465 | Orc:2    | Bought a scroll of teleportation for 42 gold pieces
 32562 | Orc:1    | Killed Snorg
 33160 | D:12     | Reached skill level 16 in Summonings
 33287 | D:12     | Got a faintly humming leather armour
 34203 | D:13     | Noticed Jorgrun
 34341 | D:13     | Noticed Kirke
 34358 | D:13     | Noticed a sphinx
 34359 | D:13     | Killed Kirke
 34417 | D:13     | Identified Sif Muna's Disquisition on the Mountains and
                  | Translocation (Sif Muna gifted it to you on level 13 of the
                  | Dungeon)
 34417 | D:13     | Received a gift from Sif Muna
 34998 | D:13     | Found a gate to the Vaults.
 35915 | D:13     | Killed Jorgrun
 35915 | D:13     | Reached XP level 14. HP: 45/68 MP: 19/30
 36070 | D:13     | Identified the +1 leather armour of Spite {+Fly rF- rC+
                  | Stlth+} (You found it on level 12 of the Dungeon)
 36075 | D:13     | You fall into a shaft and drop 2 floors!
 36075 | D:15     | Entered Level 15 of the Dungeon
 36324 | D:15     | Noticed Agnes
 36538 | D:15     | Reached skill level 10 in Translocations
 37883 | D:13     | Received a gift from Sif Muna
 38157 | D:14     | Found a runed translucent gate.
 38157 | D:14     | Found a runed translucent gate.
 38157 | D:14     | Found a runed translucent gate.
 38166 | D:14     | Noticed Omuih's ghost (journeyman DDFi)
 38176 | D:14     | Reached skill level 1 in Fighting
 38220 | D:14     | Reached skill level 17 in Summonings
 39346 | D:14     | Found a broken altar of Ashenzari.
 39879 | D:14     | Identified Roxanne's Grimoire of Shape Shifting
 39879 | D:14     | Noticed Roxanne
 41006 | D:15     | Killed Agnes
 41568 | D:15     | Found a staircase to the Depths.
 41847 | D:9      | Bought the +5 robe of Night {Dark MR+ SInv} for 840 gold
                  | pieces
 41847 | D:9      | Found the +5 robe of Night {Dark MR+ SInv}
 42036 | Orc:2    | Bought an uncursed amulet of reflection for 330 gold pieces
 42078 | Orc:2    | Bought a runed buckler for 240 gold pieces
 42100 | Orc:2    | Bought a runed robe for 118 gold pieces
 42313 | Shoals:1 | Entered Level 1 of the Shoals
 42604 | Shoals:1 | Identified Sif Muna's Guide on Battle Magic (Sif Muna
                  | gifted it to you on level 1 of the Shoals)
 42604 | Shoals:1 | Received a gift from Sif Muna
 44809 | Shoals:2 | Reached XP level 15. HP: 69/80 MP: 13/31
 45269 | Shoals:2 | Found Mauxyfie's Gadget Boutique.
 45409 | Shoals:2 | Noticed a kraken
 45555 | Shoals:2 | Killed a kraken
 46398 | Shoals:3 | Reached skill level 5 in Fighting
 46402 | Shoals:3 | Reached skill level 10 in Dodging
 46910 | Shoals:3 | Identified Samuowk's Compendium of Displacement and Earth
                  | (Sif Muna gifted it to you on level 3 of the Shoals)
 46910 | Shoals:3 | Received a gift from Sif Muna
 47607 | Shoals:4 | Entered Level 4 of the Shoals
 47965 | Shoals:4 | Reached skill level 18 in Summonings
 48303 | Shoals:4 | Got a barnacled rune of Zot
 49272 | Shoals:4 | Got a crude glass ring
 49277 | Shoals:4 | Identified the ring of Hard Scrabble {rC- rCorr Str-2 Int+8
                  | SInv} (You found it on level 4 of the Shoals)
 49729 | Shoals:4 | Noticed a kraken
 50384 | Lair:1   | Identified Sikasmo's Almanac of the Volcanoes (Sif Muna
                  | gifted it to you on level 1 of the Lair of Beasts)
 50384 | Lair:1   | Received a gift from Sif Muna
 50529 | Elf:1    | Entered Level 1 of the Elven Halls
 50545 | Orc:2    | Bought a scarf of resistance for 448 gold pieces
 50616 | Elf:1    | Noticed Aizul
 50624 | Elf:1    | Killed Aizul
 50912 | Elf:1    | Reached skill level 1 in Invocations
 52543 | Elf:1    | Noticed a deep elf sorcerer
 52814 | Elf:1    | Killed a deep elf sorcerer
 53124 | Elf:1    | Identified the Guide on Creative Arcane Weapons
 53210 | Elf:2    | Found Usso's General Store.
 53216 | Elf:2    | Reached XP level 16. HP: 90/90 MP: 25/32
 53682 | Elf:2    | Found Biyxenuz's Armour Shoppe.
 54006 | Elf:2    | Bought a +1 leather armour of poison resistance for 165
                  | gold pieces
 54194 | Spider:1 | Entered Level 1 of the Spider Nest
 56716 | Spider:1 | Identified Sif Muna's Volume of the Creative Oath (Sif Muna
                  | gifted it to you on level 1 of the Spider Nest)
 56716 | Spider:1 | Received a gift from Sif Muna
 56833 | Spider:1 | Learned a level 3 spell: Ozocubu's Armour
 56851 | Spider:1 | Noticed PanSaczeczos's ghost (journeyman TrMo)
 57415 | Spider:1 | Reached skill level 1 in Polearms
 57996 | Spider:1 | Found a transporter.
 58092 | Spider:1 | Found a transporter.
 59848 | Spider:2 | Reached skill level 5 in Invocations
 60363 | Spider:2 | Found a roughly hewn altar of Beogh.
 60378 | Spider:2 | Got a steaming falchion
 60383 | Spider:2 | Identified the +7 falchion "Vefra" {flame, +Blink rN+ MP+9
                  | Stlth+} (You found it on level 2 of the Spider Nest)
 60439 | Spider:2 | Identified Sif Muna's Tome of Gliding Transmigration (Sif
                  | Muna gifted it to you on level 2 of the Spider Nest)
 60439 | Spider:2 | Received a gift from Sif Muna
 62044 | D:9      | Bought a scroll of teleportation for 42 gold pieces
 62044 | D:9      | Bought a potion of curing for 42 gold pieces
 62044 | D:9      | Bought a scroll of enchant weapon for 105 gold pieces
 63123 | Spider:4 | Entered Level 4 of the Spider Nest
 64352 | Spider:4 | Received a gift from Sif Muna
 64608 | Spider:4 | Reached skill level 19 in Summonings
 64864 | Spider:4 | HP: 3/90 [ghost moth (6)]
 65334 | Spider:3 | Learned a level 7 spell: Summon Greater Demon
 65994 | Spider:4 | Identified Sif Muna's Easy Casting (Sif Muna gifted it to
                  | you on level 4 of the Spider Nest)
 65994 | Spider:4 | Received a gift from Sif Muna
 67422 | Spider:4 | Got a gossamer rune of Zot
 67762 | Elf:3    | Entered Level 3 of the Elven Halls
 68213 | Elf:2    | Found Sawk's Gadget Emporium.
 68500 | Elf:2    | Noticed Saint Roka
 68947 | Elf:2    | Reached XP level 17. HP: 55/95 MP: 33/33
 69368 | Elf:2    | Found Docojuc's Armour Shop.
 69416 | Elf:2    | Found Bigim's Antique Armour Boutique.
 69561 | Elf:2    | Noticed Louise
 70395 | Elf:2    | Killed Saint Roka
 70490 | Elf:2    | Found an ancient bone altar of Kikubaaqudgha.
 70498 | Elf:2    | Received a gift from Sif Muna
 70973 | Elf:2    | Found a runed translucent gate.
 70973 | Elf:2    | Found a runed translucent gate.
 70973 | Elf:2    | Found a runed translucent gate.
 71145 | Lair:1   | Learned a level 5 spell: Summon Forest
 71638 | Elf:2    | HP: 3/95 [Executioner[the player character] (9)]
 72302 | Elf:2    | Noticed Azrael
 72666 | Elf:2    | Killed Louise
 73353 | Elf:2    | Noticed Azrael
 73353 | Elf:2    | Azrael changed into Azrael the hell hog
 73353 | Elf:2    | Killed Azrael the hell hog
 73531 | Elf:3    | Got a smoking scale mail
 73532 | Elf:3    | Identified the +0 scale mail of the Earth {Rampage rCorr}
                  | (You found it on level 3 of the Elven Halls)
 73554 | Elf:3    | Noticed Nikola
 73563 | Elf:3    | Killed Nikola
 74776 | Elf:3    | Noticed a deep elf master archer
 74782 | Elf:3    | Killed a deep elf master archer
 74804 | Elf:3    | Noticed a deep elf blademaster
 74811 | Elf:3    | Killed a deep elf blademaster
 74967 | Elf:3    | Received a gift from Sif Muna
 75577 | Elf:3    | Got a masterwork spear
 75607 | Elf:3    | Got a dazzling longbow
 75615 | Elf:3    | Identified the +6 spear of Courage {venom, rC+} (You found
                  | it on level 3 of the Elven Halls)
 75618 | Elf:3    | Identified the +8 longbow of Moral Flaws {vorpal, rN+} (You
                  | found it on level 3 of the Elven Halls)
 75703 | Elf:3    | Got a dazzling kite shield
 75712 | Elf:3    | Identified the cursed -3 kite shield of the Elephant {rElec
                  | Stlth+} (You found it on level 3 of the Elven Halls)
 75737 | Elf:3    | Identified Erul's Catalogue of Curses
 76005 | D:11     | Learned a level 5 spell: Summon Demon
 76100 | Depths:1 | Entered Level 1 of the Depths
 77537 | D:15     | HP: 3/95 [ettin/+0 dire flail (29)]
 77537 | D:15     | Slain by an ettin

Illustrated notes

Levels and vault maps discovered:
D:1:      dpeg_arrival_simpleton_b, layout_basic
D:2:      layout_loops_ring, minmay_misc_feat_tiny
D:3:      layout_basic, lemuel_tele_altar, uniq_sigmund
D:4:      layout_basic, lemuel_crystal_altar, minmay_temple_entry_glassed_door
D:5:      layout_basic, okawaru_gym_becter
D:6:      layout_cave_pods, minitemple, fedhas_altar_2, skrybe_limestone_x,
          roderic_roman_lattice, hangedman_decor_lopped
D:7:      layout_loops_corners, david_defended_altar_elf
D:8:      layout_cave_pods, enter_ossuary_5, uniq_maurice
D:9:      hangedman_cross_stitches, layout_cross,
          gammafunk_temple_overflow_elements, orc_0_dummy, serial_shops, shop,
          uniq_joseph, uniq_gastronok
D:10:     layout_basic, nicolae_ru_the_path_less_chosen
D:11:     layout_roguey, erik_lair_orcish_takeover, uniq_grum, uniq_harold
D:12:     layout_grid_maze, einodemon_armed_red_devil_minivault
D:13:     layout_loops_ring, erik_vaults_1, gauntlet_entry_generic, special_room
          [special_room_bee], hangedman_aviary, uniq_jorgrun, uniq_kirke
D:14:     minmay_outward_triangles, layout_cave_pools, basic_altar,
          minivault_27, ebering_ghost_rock_garden, uniq_roxanne
D:15:     grunt_enter_depths_magical_seal, layout_long_grid, uniq_agnes
Temple:   zaba_magenta_temple
Lair:1:   layout_cave_pods, serial_bayou_shore_a, grunt_megastairs_4,
          lemuel_fruit_tree, minmay_lair_oklob_chamber
Lair:2:   layout_loops_ring, serial_bayou_crossing, grunt_megastairs_1
Lair:3:   layout_layer_cave
Lair:4:   beast_lair_carwin_large_1, layout_gridlike, minmay_shoals_entry_hut,
          spider_nest_entry_rubble, lemuel_old_faithful
Lair:5:   layout_cave_pods, slime_altar_1, serial_forest,
          infiniplex_forest_lined_2, uniq_josephine
Lair:6:   hangedman_lair_caniforms_friends, layout_regular_city, wormcave
Shoals:1: layout_shoals, nicolae_shoals_circle_sea_wall,
          nicolae_shoals_water_shrine
Shoals:2: layout_shoals, serial_shops, shop_fountains
Shoals:3: layout_shoals
Shoals:4: shoals_end_grunt_ice, layout_shoals, nicolae_shoals_this_corrosion
Spider:1: layout_spider_delve, gammafunk_ghost_berserking_beasts
Spider:2: nicolae_spider_mines_2, nicolae_spider_cling_ruins
Spider:3: layout_spider_delve, drop_trap
Spider:4: grunt_spider_rune_circles, zaba_antful_of_joy
Orc:1:    layout_caves, uniq_snorg, uniq_urug
Orc:2:    grunt_orc_gardens, layout_caves, grunt_orc_garden, grunt_orc_garden,
          grunt_orc_garden, grunt_orc_garden, serial_shops, shop, basic_altar
Elf:1:    layout_geoelf_octagon, minmay_elf_sorcery, st_stairs_12,
          lemuel_flamethrower_1, uniq_aizul
Elf:2:    layout_gridlike, serial_shops, nicolae_shop_statue_plus, shop,
          nicolae_shop_crystal, nicolae_shop_crystal, shop, basic_altar,
          minivault_14, lemuel_elevator, uniq_louise, uniq_azrael,
          uniq_saint_roka
Elf:3:    minmay_elf_hall_spiked, layout_loops_cross, uniq_nikola
Depths:1: layout_cave_shapes, enter_ziggurat_c, abyss_entry,
          chequers_serial_rivers_large_a, hell_entry,
          chequers_serial_rivers_room_b, minmay_misc_feat_chi,
          kennysheep_generic_room_7

Skill      XL: |  1  2  3  4  5  6  7  8  9 10 11 12 13 14 15 16 17 |
---------------+----------------------------------------------------+-----
Dodging        | 3 4 5 6 7 8 9 11 13 | 13.3
Spellcasting   | 4 5 6 7 8 10 12 | 12.8
Summonings     | 5 6 7 8 9 10 12 14 16 17 18 19 | 19.8
Ice Magic      | 1 3 4 7 8 9 |  9.0
Shields        | 2 4 |  4.0
Air Magic      | 3 7 10 | 10.1
Translocations | 4 9 11 13 14 | 14.0
Fighting       | 4 6 |  6.7
Invocations    | 3 7 9 |  9.8
Polearms       | 4 |  4.0
Stealth        | |  2.4

Action                   |  1- 3 |  4- 6 |  7- 9 | 10-12 | 13-15 | 16-18 || total
-------------------------+-------+-------+-------+-------+-------+-------++-------
Melee: Unarmed           |    14 |       |       |       |       |       ||    14
       Spear             |   120 |   102 |   111 |       |       |       ||   333
       Dagger            |       |       |   124 |   319 |   669 |    34 ||  1146
       Falchion          |       |       |       |       |       |   232 ||   232
       Demon trident     |       |       |       |       |       |   107 ||   107
 Cast: Summon Small Mamm |    37 |       |       |       |       |       ||    37
       Call Imp          |    18 |    46 |    23 |       |       |       ||    87
       Call Canine Famil |       |    24 |    60 |    16 |    50 |    18 ||   168
       Summon Ice Beast  |       |       |    64 |   202 |   188 |   104 ||   558
       Summon Lightning  |       |       |       |    87 |   129 |    52 ||   268
       Monstrous Menager |       |       |       |     3 |   175 |   235 ||   413
       Malign Gateway    |       |       |       |       |    10 |    10 ||    20
       Summon Greater De |       |       |       |       |       |     9 ||     9
       Ozocubu's Armour  |       |       |       |       |       |     1 ||     1
       Summon Forest     |       |       |       |       |       |     8 ||     8
       Summon Demon      |       |       |       |       |       |     4 ||     4
Invok: Channel Magic     |       |       |       |       |     1 |     2 ||     3
Evoke: Wand              |       |       |    12 |    18 |    17 |     5 ||    52
       Phial of floods   |       |       |       |       |       |     2 ||     2
  Use: Scroll            |     3 |     2 |     7 |     9 |    23 |    41 ||    85
       Potion            |       |       |     1 |       |    24 |    25 ||    50
 Stab: Sleeping          |     8 |     4 |    12 |     6 |     7 |     4 ||    41
       Distracted        |     3 |     5 |     4 |     3 |    15 |     8 ||    38
       Paralysed         |       |       |       |       |     1 |     3 ||     4
       Confused          |       |       |       |       |     1 |       ||     1
       Invisible         |       |       |       |       |     1 |       ||     1
Armor: Robe              |    31 |    10 |    38 |    57 |   136 |    58 ||   330
       Leather armour    |       |       |       |       |       |   189 ||   189
       Skin              |       |       |       |       |       |    21 ||    21
Dodge: Dodged            |    86 |    53 |   152 |   199 |   508 |   496 ||  1494
Block: Buckler           |       |       |       |   104 |   312 |   421 ||   837
       Reflection        |       |       |       |       |    32 |    10 ||    42
       Rpst.: Falchion   |       |       |       |       |       |    53 ||    53

Table legend: (Time is in decaauts)
 A = Elapsed time spent in this place.
 B = Non-inter-level travel time spent in this place.
 C = Inter-level travel time spent in this place.
 D = Time resting spent in this place.
 E = Time spent auto-exploring this place.
 F = Levels seen in this place.
 G = Mean time per level.
                   A        B        C        D        E       F      G
               +--------+--------+--------+--------+--------+-----+--------+
         Total |  77937 |  73627 |   4310 |  30846 |  27018 |  37 | 2106.4 |
       Dungeon |  28420 |  26609 |   1811 |   9075 |  12363 |  15 | 1894.7 |
        Temple |      8 |      8 |      0 |      0 |      0 |   1 |    8.0 |
          Lair |  14471 |  13570 |    901 |   5367 |   5757 |   6 | 2411.8 |
        Shoals |   8377 |   8121 |    256 |   3222 |   2649 |   4 | 2094.2 |
   Spider Nest |  10518 |  10056 |    462 |   5399 |   2529 |   4 | 2629.5 |
  Orcish Mines |   3803 |   3277 |    526 |   1506 |   1120 |   2 | 1901.5 |
   Elven Halls |  11507 |  11154 |    353 |   6004 |   2545 |   3 | 3835.7 |
        Depths |    247 |    247 |      0 |    119 |     54 |   1 |  247.0 |
       Ossuary |    581 |    581 |      0 |    152 |      0 |   1 |  581.0 |
               +--------+--------+--------+--------+--------+-----+--------+

Top non-repeatable levels by time:
   Elf:1: 5182 daAuts
  Lair:6: 4096 daAuts
   Elf:2: 3950 daAuts
  Lair:4: 3437 daAuts
Spider:4: 3414 daAuts
    D:15: 3393 daAuts
    D:13: 3111 daAuts
Spider:1: 2802 daAuts
Shoals:4: 2389 daAuts
   Elf:3: 2375 daAuts
     D:9: 2371 daAuts
   Orc:2: 2327 daAuts
  Lair:1: 2324 daAuts
Spider:3: 2314 daAuts
Shoals:2: 2122 daAuts
